 Dungeon Crawl Stone Soup version 0.31.0-32-g396128a36d (webtiles) character file.

Game seed: 17769766860542572427

52 H0rd4k the Charlatan (level 3, -2/24 HPs)
             Began as an Octopode Artificer on Mar 27, 2024.
             Slain by a gnoll
             ... wielding a +0 spear
              (9 damage)
             ... on level 2 of the Dungeon.
             The game lasted 00:01:18 (1685 turns).

H0rd4k the Charlatan (Octopode Artificer)           Turns: 1685, Time: 00:01:18

Health: -2/24      AC:  1    Str: 17    XL:     3   Next: 85%
Magic:  3/3        EV: 13    Int: 15    God:
Gold:   48         SH:  0    Dex: 12    Spells: 2/2 levels left

rFire   . .          .
                       - Unarmed
rCold   . . .        (no shield)
rNeg    . . .        (helmet restricted)
rPois   .            (no amulet)
rElec   .            j - +6 ring of strength
rCorr   .            f - ring of willpower
SInv    .            (no ring)
Will    +....        (no ring)
Stlth   +++          (no ring)
HPRegen 0.24/turn    (no ring)
MPRegen 0.08/turn    (no ring)
                     (no ring)

%: no passive effects
@: no status effects
A: almost no armour, amphibious, 8 rings, camouflage 1, gelatinous body 1,
(nimble swimmer 1), tentacles
a: no special abilities


You were on level 2 of the Dungeon.
You visited 1 branch of the dungeon, and saw 2 of its levels.

You collected 48 gold pieces.

Inventory:

Missiles
 l - 5 poisoned darts
Magical Staves
 i - a staff of earth
Jewellery
 f - a ring of willpower (right tentacle)
 j - a +6 ring of strength (left tentacle)
Talismans
 h - a maw talisman
Wands
 b - a wand of flame (15) (quivered)
 c - a wand of charming (13)
 d - a wand of iceblast (5)
 p - a wand of paralysis (6)
Scrolls
 a - 2 scrolls of identify {unknown}
 e - a scroll of teleportation {unknown}
 g - 2 scrolls of enchant weapon {unknown}
 m - a scroll of revelation {unknown}
 o - a scroll of poison {unknown}
 s - a scroll of immolation {unknown}
 t - a scroll of amnesia {unknown}
 w - a scroll of blinking {unknown}
Potions
 k - 3 potions of berserk rage {unknown}
 n - 2 potions of haste {unknown}
 q - a potion of brilliance {unknown}
 r - a potion of lignification {unknown}
 u - a potion of degeneration {unknown}
 v - a potion of mutation {unknown}


   Skills:
 + Level 1.9 Fighting
 - Level 2.3 Dodging
 - Level 1.3 Stealth
 + Level 2.8 Unarmed Combat
 - Level 3.2 Evocations


You had 2 spell levels left.
You didn't know any spells.
Your spell library contained the following spells:

 Spells                   Type           Power      Damage    Failure   Level
 Ensorcelled Hibernation  Hex/Ice        0%         N/A       38%         2
 Fugue of the Fallen      Necr           0%         N/A       63%         3
 Anguish                  Hex/Necr       0%         N/A       95%         4


Dungeon Overview and Level Annotations

Branches:
Dungeon (2/15)

Altars:


Innate Abilities, Weirdness & Mutations

You cannot wear most types of armour.
You are amphibious.
You can wear up to eight rings at the same time.
Your skin changes colour to match your surroundings (Stealth+).
Your rubbery body absorbs attacks. (AC +1, EV +1)
((You are camouflaged when in or above water. (Stealth+)))
You have tentacles for arms and can constrict up to eight enemies at once.


Message History

There is an open door here. 3 gnolls come into view.
The gnoll shouts! x2
There are monsters nearby!
There are monsters nearby!
The gnoll completely misses you.
The gnoll shouts!
You tentacle-slap the gnoll but do no damage.
Your grab misses the gnoll. You squeeze the gnoll!
The gnoll is severely wounded.
The gnoll hits you with a +0 spear.
You barely miss the gnoll. You grab the gnoll.
The gnoll is severely wounded.
You constrict the gnoll. The gnoll closely misses you.
You tentacle-slap the gnoll.
You kill the gnoll!
The gnoll hits you from afar with a +0 spear.
Aiming: Charm
Press: ? - help, Shift-Dir - straight line, f - gnoll
Aim: a gnoll, wielding a +0 whip (chance to affect: 66%)
The gnoll struggles to resist.
The gnoll hits you from afar with a +0 spear.
The gnoll barely misses you.
Unknown command.
Aiming: Charm
Press: ? - help, Shift-Dir - straight line, f/p - gnoll
Aim: a gnoll, wielding a +0 whip (chance to affect: 66%)
The gnoll is charmed.
The gnoll hits you from afar with a +0 spear.
* * * LOW HITPOINT WARNING * * *
Unknown command.
What are your orders? t - Shout!
Orders for allies: a - Attack new target. p - Attack previous target. r - Retreat! s - Stop attacking. g - Guard the area. f - Follow me.
Anything else - Cancel.
Guard this area!
The gnoll hits you from afar with a +0 spear!
You die...

# ######### # #.......# #
#.......# # #.......# #
#.......# # # #.......######
.##.#.#####.†.....'.....
.....gg@.##.......######
########.###...#### #
#.##..######### #
########....##.......#
#...#....#####.......###
#...'>................†.
#######...#.####.##...........
#.........#.####.##........###
#.........#......##........#


You could see a gnoll and a friendly gnoll (charmed, wandering).

Vanquished Creatures
  A gnoll (D:2)
  A ribbon worm (D:2)
  3 ball pythons
  6 bats (D:1)
  4 endoplasms
  5 goblins
  4 hobgoblins
  3 quokkas (D:1)
  A frilled lizard (D:2)
  2 kobolds (D:2)
  6 rats
36 creatures vanquished.

Notes
Turn   | Place    | Note
-------+----------+-------------------------------------------
     0 | D:1      | H0rd4k the Octopode Artificer began the quest for the Orb.
     0 | D:1      | Reached XP level 1. HP: 13/13 MP: 1/1
   109 | D:1      | Reached skill level 1 in Unarmed Combat
   109 | D:1      | Reached XP level 2. HP: 5/18 MP: 2/2
  1000 | D:1      | Reached XP level 3. HP: 24/24 MP: 3/3
  1196 | D:2      | Identified the +1 leather armour of the Moon {*Slow Str+3
                  | Dex+2}
  1685 | D:2      | Slain by a gnoll

Illustrated notes

Levels and vault maps discovered:
D:1:      sevenhm_arrival_forest_fort_small_5, layout_basic,
          hangedman_glass_teeth, roderic_serpentine_path, minmay_3d_cube
D:2:      layout_basic, grunt_ministairs_10, minivault_25

Skill      XL: |  1  2 |
---------------+-------+-----
Unarmed Combat | 1 2 |  2.8
Fighting       | |  1.9
Dodging        | |  2.3
Stealth        | |  1.3
Evocations     | |  3.2

Action                     || total
---------------------------++-------
  Melee: Unarmed           ||    90
         Constrict         ||    24
         Tentacles         ||    21
  Evoke: Wand              ||     2
   Stab: Sleeping          ||    10
 Armour: Skin              ||    29
  Dodge: Dodged            ||    57
